 Dungeon Crawl Stone Soup version 0.20.1-4-g4af34eaf8e (webtiles) character file.

1092 Alfie the Archer (level 8, 0/68 HPs)
             Began as a Minotaur Hunter on Mar 3, 2020.
             Slain by Alfie's ghost (8 damage)
             ... on level 4 of the Dungeon.
             The game lasted 00:14:42 (3276 turns).

Alfie the Archer (Minotaur Hunter)                  Turns: 3276, Time: 00:14:43

Health: 0/68       AC: 10    Str: 22    XL:     8   Next: 9%
Magic:  7/7        EV: 13    Int:  8    God:
Gold:   199        SH:  0    Dex: 12    Spells: 7/7 levels left

rFire    . . .     SeeInvis .   t - +2 falchion (holy)
rCold    . . .     Gourm    .   (no shield)
rNeg     . . .     Faith    .   c - +0 leather armour
rPois    .         Spirit   .   (helmet restricted)
rElec    .         Reflect  .   (no cloak)
rCorr    .         Harm     .   r - +0 pair of gloves
MR       .....                  (no boots)
Stlth    +.........             (no amulet)
Regen    0.3/turn               p - +4 ring of strength
MPRegen  0.1/turn               i - +6 ring of protection

@: no status effects
A: retaliatory headbutt, horns 2
a: no special abilities


You were on level 4 of the Dungeon.
You were not hungry.

You visited 1 branch of the dungeon, and saw 5 of its levels.
You also visited: Sewer.

You collected 199 gold pieces.

Inventory:

Hand Weapons
 a - a +1 shortbow
 b - a +0 short sword
 t - a +2 falchion of holy wrath (weapon)
Missiles
 d - 4 arrows
Armour
 c - a +0 leather armour (worn)
 r - a +0 pair of gloves (worn)
Jewellery
 e - an uncursed ring of positive energy
 i - a +6 ring of protection (right hand)
 l - an uncursed ring of positive energy
 p - a +4 ring of strength (left hand)
Scrolls
 m - 3 scrolls of teleportation
 s - a scroll of identify
 u - a scroll of recharging
Potions
 h - 2 potions of haste
 k - 3 potions of curing
 n - a potion of mutation {unknown}
 o - a potion of flight
 q - a potion of ambrosia {unknown}
Comestibles
 f - 2 bread rations
 j - a meat ration


   Skills:
 + Level 5.3 Fighting
 + Level 0.4(0.7) Short Blades
 + Level 0.8(1.0) Long Blades
 + Level 9.5 Bows
 + Level 2.6 Armour
 + Level 3.1 Dodging
 + Level 1.5 Stealth


You had 7 spell levels left.
You didn't know any spells.

Dungeon Overview and Level Annotations

Branches:
Dungeon (5/15)
 Temple: D:4-7

Altars:
Xom

Shops:
D:4 (

Annotations:
D:4 Alfie's ghost, novice MiHu
D:5 Alfie's ghost, amateur MiHu; Eustachio


Innate Abilities, Weirdness & Mutations

You reflexively headbutt those who attack you in melee.
You have a pair of horns on your head.


Message History

[Y]es or [N]o only, please.
Really attack while wielding your +1 shortbow? [Y]es or [N]o only, please.
Really attack while wielding your +1 shortbow? [Y]es or [N]o only, please.
Really attack while wielding your +1 shortbow? [Y]es or [N]o only, please.
Really attack while wielding your +1 shortbow? [Y]es or [N]o only, please.
Really attack while wielding your +1 shortbow?
Okay, then.
Wield which item (- for none, * to show all)? (? for menu, Esc to quit)
Your +2 falchion of holy wrath softly glows with a divine radiance!
t - a +2 falchion of holy wrath (weapon)
Alfie's ghost hits you!
* * * LOW HITPOINT WARNING * * *
You hit Alfie's ghost.
Alfie's ghost convulses.
Alfie's ghost is lightly damaged.
Alfie's ghost hits you!
You die...

#.......)..#
##.....##### #..#
#.....### #..#
###.....####.##..#
#.................
#.###......####...
#.# #....#.####...
#.###......#......
#@W...............
#####.#....#.##.#.
#..∩.......##.#.
#.#.#.####.#....
#.#...## #...#..
#.....>###.#....
#.##....W.......
#.########.##.##
#.# #.##.#


You could see Alfie's ghost.

Vanquished Creatures
  Pikel (D:5)
  Menkaure (D:5)
  A centaur (D:5)
  A big kobold (Sewer)
  A water moccasin zombie (D:5)
  A hound (D:5)
  An orc priest (D:5)
  Jessica (D:2)
  A worker ant (D:5)
  2 hound skeletons
  6 gnolls
  3 river rats
  An ooze (D:1)
  6 worms
  3 dart slugs
  2 leopard geckos
  9 orcs
  3 ball pythons
  3 bats (D:2)
  4 giant cockroaches
  6 goblins
  5 hobgoblins
  5 jackals
  8 frilled lizards
  13 kobolds
  A leopard gecko skeleton (D:5)
  6 rats
95 creatures vanquished.

Vanquished Creatures (others)
  A slave (D:5)
  A jelly (D:5)
  An orc wizard (D:5)
3 creatures vanquished.

Grand Total: 98 creatures vanquished

Notes
Turn   | Place    | Note
-------+----------+-------------------------------------------
     0 | D:1      | Alfie the Minotaur Hunter began the quest for the Orb.
     0 | D:1      | Reached XP level 1. HP: 18/18 MP: 0/0
    54 | D:1      | Reached XP level 2. HP: 25/25 MP: 1/1
   386 | D:1      | Reached skill level 5 in Bows
   790 | D:1      | Reached XP level 3. HP: 30/30 MP: 2/2
  1070 | D:2      | Reached skill level 6 in Bows
  1070 | D:2      | Reached XP level 4. HP: 26/37 MP: 3/3
  1409 | D:2      | Noticed Jessica
  1413 | D:2      | Killed Jessica
  1797 | D:3      | Found a glowing drain.
  1800 | D:3      | Reached XP level 5. HP: 42/42 MP: 4/4
  1804 | D:3      | Reached skill level 1 in Armour
  1910 | Sewer    | Entered a sewer
  1994 | Sewer    | Reached skill level 7 in Bows
  1997 | Sewer    | Reached skill level 1 in Stealth
  2043 | Sewer    | Found a white marble altar of Elyvilon.
  2534 | D:3      | Found a shimmering altar of Xom.
  2819 | D:4      | Found Askaul's Weapon Shoppe.
  2896 | D:4      | Noticed Alfie's ghost (novice MiHu)
  2907 | D:5      | Entered Level 5 of the Dungeon
  2913 | D:5      | Reached XP level 6. HP: 51/51 MP: 5/5
  2953 | D:5      | Noticed a slave
  2953 | D:5      | Noticed a slave
  2954 | D:5      | Noticed a slave
  2955 | D:5      | Noticed a slave
  2955 | D:5      | Noticed Pikel
  2957 | D:5      | Noticed Eustachio
  2991 | D:5      | Killed Pikel
  2991 | D:5      | Reached skill level 8 in Bows
  2991 | D:5      | Reached XP level 7. HP: 23/60 MP: 6/6
  3105 | D:5      | Reached skill level 9 in Bows
  3121 | D:5      | Noticed Alfie's ghost (amateur MiHu)
  3152 | D:5      | Noticed Menkaure
  3156 | D:5      | Killed Menkaure
  3156 | D:5      | Reached skill level 5 in Fighting
  3179 | D:5      | Reached XP level 8. HP: 43/68 MP: 7/7
  3276 | D:4      | Slain by Alfie's ghost

Skill      XL: |  1  2  3  4  5  6  7  8 |
---------------+-------------------------+-----
Bows           | 5 6 7 8 9 |  9.5
Armour         | 1 2 |  2.6
Fighting       | 3 4 5 |  5.3
Stealth        | 1 |  1.5
Dodging        | 3 |  3.1
Short Blades   | |  0.4
Long Blades    | |  0.8

Action                   |  1- 3 |  4- 6 |  7- 9 || total
-------------------------+-------+-------+-------++-------
Melee: Short sword       |     3 |    14 |       ||    17
       Headbutt          |       |     2 |     5 ||     7
       Falchion          |       |       |    18 ||    18
 Fire: Shortbow          |    87 |   127 |    54 ||   268
  Use: Scroll            |     2 |    10 |     2 ||    14
       Potion            |       |     2 |     5 ||     7
  Eat: Royal jelly       |       |     1 |       ||     1
       Bread ration      |       |     1 |     1 ||     2
Armor: Leather armour    |     3 |    18 |    25 ||    46
Dodge: Dodged            |    16 |    44 |    22 ||    82
       Rpst.: Falchion   |       |       |     7 ||     7
